 Dungeon Crawl Stone Soup version 0.31-a0-963-ga325b2283a (webtiles) character file.

Game seed: 7808576743219276846

63 Maxmaps the Changeling (level 4, 0/28 HPs)
             Began as an Octopode Shapeshifter on Oct 25, 2023.
             Slain by a gnoll
             ... wielding a +0 spear
              (7 damage)
             ... on level 2 of the Dungeon.
             The game lasted 00:00:53 (1319 turns).

Maxmaps the Changeling (Octopode Shapeshifter)      Turns: 1319, Time: 00:00:54

Health: 0/28       AC:  1    Str: 13    XL:     4   Next: 9%
Magic:  4/4        EV: 13    Int: 14    God:
Gold:   132        SH:  0    Dex: 11    Spells: 3/3 levels left

rFire   . .          .
                       - Unarmed
rCold   . . .        (no shield)
rNeg    . . .        (helmet currently unavailable)
rPois   .            (no amulet)
rElec   .            (no ring)
rCorr   .            (no ring)
SInv    .            (no ring)
Will    .....        (no ring)
Stlth   ++           (no ring)
HPRegen 0.24/turn    (no ring)
MPRegen 0.09/turn    (no ring)
                     (no ring)

%: no passive effects
@: beast-form
A: beast (slay +2), almost no armour, amphibious, 8 rings, camouflage 1,
gelatinous body 1, (nimble swimmer 1), tentacles
a: Begin Untransformation


You were on level 2 of the Dungeon.
You were a hulking beast.
You visited 1 branch of the dungeon, and saw 2 of its levels.

You collected 132 gold pieces.

Inventory:

Talismans
 b - a beast talisman
 c - a flux talisman
Scrolls
 f - a scroll of teleportation {unknown}
 g - a scroll of noise {unknown}
Potions
 a - a potion of lignification
 d - a potion of degeneration {unknown}
 e - a potion of curing {unknown}
 h - a potion of heal wounds {unknown}


   Skills:
 - Level 1.0 Fighting
 - Level 2.0 Dodging
 - Level 3.0 Unarmed Combat
 + Level 4.6 Shapeshifting


You had 3 spell levels left.
You didn't know any spells.
Your spell library contained the following spells:

 Spells                   Type           Power      Damage    Failure   Level
 Summon Small Mammal      Summ           0%         N/A       28%         1
 Call Imp                 Summ           0%         N/A       41%         2
 Summon Ice Beast         Ice/Summ       0%         N/A       96%         4
 Summon Cactus Giant      Summ           0%         N/A       100%        6
 Summon Hydra             Summ           0%         N/A       100%        7


Dungeon Overview and Level Annotations

Branches:
Dungeon (2/15)

Altars:


Innate Abilities, Weirdness & Mutations

You are a hulking beast.
Your limbs bulge with bestial killing power. (Slay +2)
You cannot wear most types of armour.
You are amphibious.
You can wear up to eight rings at the same time.
Your skin changes colour to match your surroundings (Stealth+).
Your rubbery body absorbs attacks. (AC +1, EV +1)
((You are camouflaged when in or above water. (Stealth+)))
You have tentacles for arms and can constrict up to eight enemies at once.


Message History

A kobold is nearby!
Found a scroll labelled PAOFAUNLEPS.
Found an escape hatch in the floor.
A goblin comes into view. It is wielding a +0 club.
A kobold comes into view. It is wielding a +0 whip.
The kobold shouts!
You hear a shout!
A gnoll comes into view. It is wielding a +0 club.
A gnoll comes into view. It is wielding a +0 spear.
You hear a shout!
The goblin shouts!
You see here a +0 quarterstaff. 2 gnolls come into view.
The gnoll shouts! x2
You tentacle-slap the kobold.
You kill the kobold!
You tentacle-slap the gnoll. You grab the gnoll.
The gnoll is lightly wounded.
You constrict the gnoll, but do no damage.
The gnoll struggles to escape constriction.
You tentacle-slap the gnoll. You squeeze the gnoll.
The gnoll is severely wounded.
You constrict the gnoll.
The gnoll struggles to escape constriction.
You bludgeon the gnoll!
You kill the gnoll!
The goblin hits you with a +0 club. The kobold hits you with a +0 whip.
You have reached level 4!
Okay, then.
You tentacle-slap the kobold. Your grab misses the kobold.
The kobold is moderately wounded.
The kobold hits you but does no damage.
The gnoll hits you from afar with a +0 spear.
The gnoll closely misses you. The goblin barely misses you.
The gnoll hits you from afar with a +0 spear!
* * * LOW HITPOINT WARNING * * *
You tentacle-slap the kobold.
You kill the kobold!
The goblin hits you with a +0 club.
* * * LOW HITPOINT WARNING * * *
The gnoll closely misses you.
The gnoll hits you from afar with a +0 spear!
You die...

....##...#####..#
######.#.# #..#
..#.# #..# ##
.#..# #..## ..
.## #...# .. .#
#...# #[ .# ##.)#
# #..##### #
#ghg...# #
#...gg...# ..
#..>.......# ..
......?>....#
..##..........# #
...........#
##..........#
##........##


You could see 3 gnolls and a goblin.

Vanquished Creatures
  A gnoll (D:2)
  A dart slug (D:2)
  4 ball pythons
  5 bats
  5 endoplasms
  3 giant cockroaches
  3 goblins
  3 hobgoblins
  6 jackals (D:1)
  5 kobolds
  2 quokkas (D:1)
  2 frilled lizards (D:2)
  3 rats
43 creatures vanquished.

Notes
Turn   | Place    | Note
-------+----------+-------------------------------------------
     0 | D:1      | Maxmaps the Octopode Shapeshifter began the quest for the
                  | Orb.
     0 | D:1      | Reached XP level 1. HP: 13/13 MP: 1/1
   101 | D:1      | Found a faded altar of an unknown god.
   169 | D:1      | Reached XP level 2. HP: 18/18 MP: 2/2
   854 | D:1      | Reached XP level 3. HP: 23/23 MP: 3/3
   961 | D:1      | Reached skill level 4 in Shapeshifting
  1004 | D:2      | Identified the "Tiruov"
  1317 | D:2      | Reached XP level 4. HP: 20/28 MP: 4/4
  1319 | D:2      | Slain by a gnoll

Illustrated notes

Levels and vault maps discovered:
D:1:      dpeg_arrival_court, layout_basic, shapermc_ecumenical_altar_pompeii
D:2:      layout_rooms, minmay_tetromino_s4

Skill      XL: |  1  2  3 |
---------------+----------+-----
Shapeshifting  | 4 |  4.6
Fighting       | |  1.0
Dodging        | |  2.0
Unarmed Combat | |  3.0

Action                     |  1- 3 |  4- 6 || total
---------------------------+-------+-------++-------
  Melee: Unarmed           |    74 |     2 ||    76
         Constrict         |    21 |       ||    21
         Tentacles         |    22 |       ||    22
         Punch             |     1 |       ||     1
   Stab: Sleeping          |     6 |       ||     6
 Armour: Skin              |    17 |     5 ||    22
  Dodge: Dodged            |    37 |     3 ||    40

Table legend: (Time is in decaauts)
 A = Elapsed time spent in this place.
 B = Non-inter-level travel time spent in this place.
 C = Inter-level travel time spent in this place.
 D = Time resting spent in this place.
 E = Time spent auto-exploring this place.
 F = Levels seen in this place.
 G = Mean time per level.
                   A        B        C        D        E       F      G
               +--------+--------+--------+--------+--------+-----+--------+
         Total |   1314 |   1294 |     20 |      0 |   1078 |   2 |  657.0 |
       Dungeon |   1314 |   1294 |     20 |      0 |   1078 |   2 |  657.0 |
               +--------+--------+--------+--------+--------+-----+--------+

Top non-repeatable levels by time:
     D:1: 1001 daAuts
     D:2: 312 daAuts
